Map: Blackburn LE

Players

SpeCial - Winner!

  • Race: Terran Terran

Kelazhur

  • Race: Terran Terran

Event: DreamHack SC2 Masters 2021 Fall

VOD

Have the link to the VOD?

Description

Time

  • Played on: Aug. 1, 2021, 6:30 p.m.
  • Length: 15:52

All games in this series

Show
View Real Time Build Order
Export as new Build Order

SpeCial Terran - Winner!

Build Orders: Mech 

Get SALT Encoding   

  12  0:00  SCV  
  13  0:12  SCV  
  14  0:17  Supply Depot  
  14  0:24  SCV  
  15  0:38  SCV  
  15  0:40  Barracks  
  16  0:43  Refinery  
  16  0:50  SCV  
  16  0:54  Refinery  
  17  1:03  SCV  
  18  1:15  SCV  
  19  1:27  Reaper  
  19  1:28  Orbital Command  
  19  1:29  Supply Depot  
  20  1:43  Factory  
  20  1:53  SCV  
  21  1:59  Reaper  
  22  2:05  SCV  
  22  2:18  SCV  
  23  2:24  Command Center  
  23  2:31  Hellion  
  23  2:32  SCV  
  26  2:38  Supply Depot  
  26  2:43  Barracks Reactor  
  26  2:45  SCV  
  27  2:52  Widow Mine  
  27  2:57  SCV  
  30  2:59  Starport  
  30  3:09  SCV  
  31  3:13  Factory Tech Lab  
  31  3:20  Marine x2  
  31  3:21  SCV  
  34  3:33  SCV  
  38  3:38  Marine x2, Orbital Command  
  38  3:40  Refinery  
  36  3:45  SCV  
  36  3:46  Factory Tech Lab  
  34  3:55  Marine  
  34  3:56  Marine  
  31  4:06  Siege Tank  
  31  4:07  Raven  
  36  4:10  SCV x2  
  36  4:12  Refinery  
  36  4:14  Marine x2  
  40  4:22  Supply Depot, SCV x2  
  42  4:32  Marine x2  
  42  4:36  SCV x2  
  47  4:48  SCV  
  47  4:49  Command Center  
  47  4:52  Raven  
  47  4:54  SCV  
  48  5:01  SCV  
  48  5:03  Marine x2  
  48  5:06  SCV  
  52  5:10  Refinery  
  52  5:13  SCV  
  53  5:17  Supply Depot, Siege Tank  
  53  5:18  SCV  
  57  5:25  SCV  
  58  5:30  SCV  
  59  5:37  SCV  
  60  5:43  SCV  
  60  5:49  SCV, Siege Tank  
  63  5:55  SCV  
  63  5:56  Barracks Reactor, Factory  
  64  5:58  Liberator, Factory  
  64  6:02  SCV  
  68  6:04  Orbital Command  
  68  6:06  Liberator  
  68  6:07  SCV  
  72  6:14  SCV  
  72  6:17  Engineering Bay  
  73  6:19  SCV  
  73  6:21  Siege Tank  
  77  6:26  SCV  
  77  6:31  Supply Depot, SCV  
  77  6:32  SCV  
  80  6:38  SCV  
  81  6:43  SCV  
  81  6:44  SCV  
  81  6:45  Missile Turret  
  81  6:46  Viking  
  85  6:52  Viking, SCV  
  85  6:53  Supply Depot x2  
  88  6:57  Hellion x2  
  92  7:15  SCV x2, Siege Tank  
  97  7:16  Supply Depot  
  97  7:20  Hellion x2  
  97  7:21  Viking  
  97  7:22  Viking  
  107  7:30  Siege Tank  
  107  7:36  Orbital Command  
  103  7:38  SCV x2  
  103  7:39  Supply Depot  
  105  7:47  Siege Tank  
  105  7:50  SCV  
  109  7:52  Viking, SCV  
  109  8:02  SCV, Siege Tank  
  109  8:03  Viking  
  109  8:04  SCV  
  116  8:10  SCV, Missile Turret  
  116  8:11  Sensor Tower  
  114  8:14  SCV  
  114  8:16  SCV  
  116  8:21  Siege Tank  
  116  8:26  SCV x2, Supply Depot  
  119  8:28  Supply Depot, SCV  
  119  8:31  Missile Turret  
  118  8:35  Refinery x2  
  118  8:36  Viking x2  
  118  8:38  SCV x2  
  122  8:49  Siege Tank  
  122  8:52  Hellion  
  122  8:53  SCV x2, Hellion  
  122  8:54  Armory x2  
  123  9:08  SCV  
  110  9:15  Hellion x2  
  110  9:17  SCV x2  
  114  9:20  SCV  
  114  9:21  Viking x2  
  114  9:22  Supply Depot  
  114  9:23  Supply Depot, Siege Tank x2  
  125  9:33  SCV  
  120  9:39  SCV  
  120  9:44  Hellion x2  
  109  9:49  Terran Vehicle Weapons Level 1, Terran Vehicle And Ship Armor Level 1  
  109  9:51  Viking x2  
  115  9:55  Siege Tank  
  116  10:08  Command Center  
  120  10:21  Viking x2, Hellion x2  
  120  10:22  Factory  
  120  10:23  Factory  
  120  10:25  Siege Tank  
  127  10:31  Infernal Pre-Igniter  
  127  10:35  SCV  
  127  10:36  SCV x2  
  127  10:37  Supply Depot  
  130  10:42  Siege Tank  
  130  10:48  SCV x2  
  130  10:49  Missile Turret  
  132  10:50  Missile Turret  
  132  10:51  Sensor Tower, Viking  
  132  10:57  Hellion x2  
  138  11:03  Siege Tank  
  141  11:11  Viking  
  143  11:13  Supply Depot  
  143  11:14  Factory Reactor  
  143  11:18  Hellion x2  
  147  11:21  Viking  
  147  11:24  Planetary Fortress  
  139  11:26  Refinery x2  
  139  11:27  Siege Tank  
  139  11:30  Factory Reactor  
  142  11:39  Hellion  
  144  11:42  Command Center  
  144  11:46  Viking  
  146  11:50  Hellion  
  146  11:51  Hellion x2, Liberator  
  146  11:52  Factory Tech Lab  
  146  11:53  Siege Tank  
  158  12:01  Hellion, Command Center  
  160  12:08  Siege Tank  
  163  12:10  Factory  
  163  12:11  Factory  
  163  12:14  Missile Turret  
  162  12:20  Hellion  
  162  12:21  Siege Tank, Hellion x2  
  162  12:22  Viking, Hellion  
  175  12:26  Supply Depot  
  175  12:27  Siege Tank  
  178  12:31  Supply Depot  
  178  12:32  Supply Depot  
  178  12:33  Terran Vehicle Weapons Level 2, Supply Depot  
  178  12:34  Viking  
  178  12:40  Terran Vehicle And Ship Armor Level 2  
  178  12:49  Siege Tank  
  181  12:53  Siege Tank  
  181  12:55  Hellion x4  
  181  12:57  Orbital Command  
  194  12:58  Hellion  
  194  12:59  Hellion  
  192  13:06  Viking x2  
  194  13:15  Starport x2  
  194  13:16  Thor  
  197  13:41  Viking  
  197  13:42  Hellion x5  
  197  13:46  Thor, Factory Tech Lab  
  197  13:47  Factory Tech Lab  
  196  13:49  Hellion x2  
  200  13:59  Command Center  
  185  14:26  Hellion x2, Siege Tank x3  
  185  14:27  Hellion  
  185  14:29  Hellion  
  168  14:31  Hellion  
  168  14:37  Liberator x2  
  171  14:43  Hellion  
  171  14:53  Siege Tank  
  171  14:58  Hellion x5, Siege Tank  
  187  15:09  Siege Tank x2  
  193  15:15  Command Center  
  193  15:19  Hellion x2  
Show
View Real Time Build Order
Export as new Build Order

Kelazhur Terran 

Build Orders:  

Get SALT Encoding   

  12  0:00  SCV  
  13  0:12  SCV  
  14  0:17  Supply Depot  
  14  0:24  SCV  
  15  0:38  SCV  
  15  0:40  Barracks  
  16  0:43  Refinery  
  16  0:50  SCV  
  17  0:59  Barracks  
  17  1:03  SCV  
  18  1:13  Refinery  
  18  1:15  SCV  
  19  1:27  Reaper  
  19  1:32  Orbital Command  
  20  1:46  Reaper  
  21  1:52  Supply Depot  
  21  1:59  Reaper, SCV  
  23  2:12  Factory  
  23  2:14  SCV  
  24  2:18  Reaper  
  25  2:25  Supply Depot  
  25  2:26  SCV  
  26  2:32  Reaper  
  27  2:38  SCV  
  28  2:50  SCV  
  28  2:51  Reaper  
  30  2:57  Hellion  
  32  3:06  Command Center  
  32  3:07  Reaper  
  32  3:09  SCV  
  34  3:19  Hellion  
  36  3:21  Supply Depot  
  36  3:23  SCV  
  37  3:35  SCV  
  37  3:37  Starport  
  37  3:39  Barracks Tech Lab  
  38  3:41  Factory Tech Lab  
  38  3:47  SCV  
  37  3:58  Refinery  
  37  3:59  SCV  
  35  4:06  Marine, Cyclone  
  35  4:07  Stimpack  
  35  4:08  Marine  
  38  4:12  SCV  
  38  4:14  Starport Tech Lab  
  39  4:19  Orbital Command  
  39  4:25  SCV  
  39  4:29  Marine  
  41  4:36  Raven  
  41  4:37  SCV  
  42  4:47  SCV  
  42  4:48  Siege Tank  
  42  4:49  Marine, SCV  
  49  4:54  Barracks Reactor  
  49  4:58  Supply Depot  
  49  4:59  SCV  
  49  5:01  SCV  
  50  5:11  SCV  
  50  5:13  SCV  
  52  5:20  Raven  
  52  5:21  Marine  
  54  5:23  SCV  
  54  5:25  SCV  
  57  5:29  Command Center  
  57  5:35  SCV  
  57  5:36  Marine  
  57  5:37  SCV  
  58  5:44  Siege Tank  
  58  5:45  Marine x2  
  58  5:47  SCV  
  58  5:48  Supply Depot  
  58  5:49  SCV  
  65  5:52  Combat Shield  
  65  5:57  Marine  
  65  5:58  Refinery  
  65  6:00  SCV  
  65  6:01  SCV  
  65  6:03  Marine  
  65  6:12  SCV  
  65  6:13  SCV  
  65  6:15  Marine  
  69  6:19  Siege Tank  
  69  6:23  Supply Depot  
  69  6:24  SCV  
  72  6:27  SCV  
  72  6:28  Engineering Bay  
  72  6:30  Barracks  
  72  6:32  Barracks Reactor  
  73  6:33  Viking  
  73  6:36  Viking  
  73  6:38  SCV  
  78  6:42  Orbital Command  
  78  6:43  SCV  
  79  6:47  Marine  
  79  6:50  SCV  
  79  6:52  Siege Tank  
  84  6:55  SCV  
  84  7:00  Terran Infantry Weapons Level 1  
  83  7:03  SCV  
  82  7:09  Viking x2  
  82  7:11  Marine x2  
  82  7:13  Orbital Command  
  88  7:17  SCV  
  88  7:19  SCV  
  90  7:23  Supply Depot  
  90  7:26  Siege Tank  
  90  7:27  Marine  
  90  7:29  Marine  
  93  7:30  SCV  
  93  7:31  SCV  
  93  7:37  Marine  
  93  7:42  SCV  
  95  7:46  Marine, Marauder  
  95  7:50  Marauder  
  67  7:51  Viking  
  97  7:52  Viking  
  100  7:59  SCV x2  
  100  8:01  Marine  
  100  8:04  Concussive Shells  
  103  8:07  Siege Tank  
  103  8:12  Supply Depot, SCV  
  107  8:15  SCV  
  108  8:22  SCV  
  109  8:33  Marine x2, Viking, SCV x2  
  109  8:34  Supply Depot, Marauder  
  117  8:44  Marauder  
  117  8:46  Viking  
  117  8:55  Supply Depot, SCV x2  
  117  8:57  Supply Depot  
  109  9:03  Viking, Marauder  
  109  9:04  Marine  
  109  9:05  Marauder  
  109  9:09  Marine  
  90  9:12  Siege Tank  
  90  9:14  Terran Infantry Armor Level 1  
  84  9:17  Viking  
  84  9:18  SCV x3  
  84  9:22  Marine  
  88  9:24  Marauder  
  88  9:29  Marine  
  88  9:30  SCV, Marauder  
  94  9:36  SCV  
  92  9:39  SCV  
  92  9:40  Marine  
  92  9:42  SCV  
  72  9:46  Marauder  
  72  9:47  Marine  
  72  9:48  SCV  
  72  9:51  SCV, Siege Tank, Marauder  
  82  9:54  SCV  
  82  9:56  Viking  
  82  9:58  Marine  
  82  9:59  Viking  
  88  10:00  SCV  
  88  10:03  SCV  
  88  10:06  SCV  
  91  10:10  Marine x2  
  91  10:12  SCV, Marauder  
  94  10:16  Marine  
  94  10:17  SCV  
  96  10:25  Refinery, Sensor Tower, Siege Tank  
  96  10:26  Refinery  
  99  10:29  Armory  
  99  10:30  SCV x3  
  99  10:33  Factory  
  99  10:35  Viking  
  104  10:37  Viking  
  106  10:43  Marine x2, Marauder x2  
  112  10:53  SCV x2  
  112  10:54  SCV  
  118  10:57  Siege Tank  
  118  10:59  Starport  
  118  11:03  Command Center  
  118  11:05  Marine  
  118  11:06  Marine, Marauder x2  
  124  11:13  Viking x2  
  124  11:18  Supply Depot  
  128  11:19  Supply Depot  
  128  11:25  Marine x2  
  128  11:29  Terran Infantry Weapons Level 2, Siege Tank, Factory Tech Lab  
  128  11:31  Terran Vehicle Weapons Level 1  
  133  11:36  Supply Depot  
  133  11:37  Starport Reactor  
  133  11:43  Marauder x2  
  133  11:45  Viking x2  
  140  11:49  Siege Tank  
  140  11:50  SCV  
  140  11:51  SCV  
  140  11:52  SCV  
  146  11:57  Marine x2  
  146  11:58  Supply Depot  
  148  12:03  SCV x2  
  148  12:04  SCV  
  148  12:06  Marauder  
  148  12:08  Marauder  
  155  12:15  Viking x2  
  159  12:18  Viking  
  159  12:21  Viking  
  163  12:25  Planetary Fortress  
  163  12:29  SCV x2  
  166  12:30  SCV  
  166  12:34  Siege Tank  
  166  12:35  Siege Tank  
  172  12:41  SCV  
  173  12:46  Viking x2  
  173  12:49  Viking  
  179  12:56  Marine x2  
  179  12:57  Marauder x2  
  185  13:10  Viking  
  181  13:16  Viking x2  
  181  13:18  Refinery, Marauder  
  181  13:19  Refinery, SCV  
  188  13:25  Command Center  
  188  13:28  Supply Depot  
  188  13:31  SCV  
  188  13:32  Marauder  
  188  13:33  Terran Ship Weapons Level 1  
  188  13:42  SCV  
  188  13:44  Viking  
  188  13:45  Viking  
  188  13:50  Starport  
  188  13:51  Fusion Core  
  188  13:55  Orbital Command  
  188  13:56  Viking x2  
  191  14:03  Marauder  
  193  14:14  Starport  
  156  14:24  Marauder  
  156  14:25  Marine x2  
  156  14:26  Viking, Marauder  
  136  14:33  Liberator  
  122  14:45  Marine, Viking x2  
  125  14:46  Marine x3  
  125  14:49  Orbital Command  
  125  14:50  Refinery x2  
  129  14:56  Command Center  
  129  14:57  Command Center  
  129  15:03  Marine  
  129  15:04  Marine, Marauder  
  129  15:05  Marauder  
  132  15:08  Siege Tank  
  135  15:16  Siege Tank  
  133  15:21  Marine  
  133  15:22  Marine  
  133  15:23  SCV x4  
  133  15:25  Marine  
  138  15:35  SCV x3  

Tags
 
Add a new tag
Caveats
  • Supply blocks, unpowered buildings, or Contaminate may cause inaccurate times.
  • Supply counts are checked every 10 seconds.